 Dungeon Crawl Stone Soup version 0.30.1-11-g7821555f0a (webtiles) character file.

Game seed: 9832486665696828555

87 Zeor the Magician (level 4, -8/33 HPs)
             Began as a Djinni Warper on Nov 3, 2023.
             Killed by divine providence
             ... invoked by an orc priest
              (14 damage)
             ... on level 3 of the Dungeon.
             The game lasted 00:09:46 (2463 turns).

Zeor the Magician (Djinni Warper)                   Turns: 2463, Time: 00:09:47

Health: -8/33      AC:  5    Str: 10    XL:     4   Next: 80%
Gold:   66         EV: 17    Int: 16    God:
                   SH:  0    Dex: 13

rFire   + + +        a - +0 falchion
rCold   . . .        (no shield)
rNeg    . . .        j - +2 robe {rC+ rF+}
rPois   ∞            b - +0 helmet
rElec   .            (no cloak)
rCorr   .            (no gloves)
SInv    .            (boots unavailable)
Will    .....        (no amulet)
Stlth   +            l - +5 ring of evasion
HPRegen 0.25/turn    h - ring of protection from fire
MPRegen 0.00/turn

%: infuse magic (-9 HP)
@: flying, hasted, very quick
A: sickness immunity, fire resistance 2, cold vulnerability 1, float, innate
caster, HP casting, extra vitality 1
a: no special abilities


You were on level 3 of the Dungeon.
You visited 1 branch of the dungeon, and saw 3 of its levels.

You collected 66 gold pieces.

Inventory:

Hand Weapons
 a - a +0 falchion (weapon)
Missiles
 d - 7 boomerangs of dispersal (quivered)
 g - 10 javelins
Armour
 b - a +0 helmet (worn)
 j - a +2 robe of resistance (worn)
Jewellery
 h - a ring of protection from fire (right hand)
 i - a ring of see invisible
 l - a +5 ring of evasion (left hand)
Scrolls
 c - a scroll of blinking
Potions
 m - a potion of brilliance


   Skills:
 + Level 2.3 Fighting
 * Level 2.8 Long Blades
 * Level 1.2 Throwing
 + Level 1.2 Armour
 + Level 2.7 Dodging
 + Level 2.9 Spellcasting


You knew the following spells:

 Your Spells              Type           Power      Damage    Failure   Level
a - Apportation           Tloc           22%        N/A       5%          1
b - Blink                 Tloc           22%        N/A       9%          2
c - Vhi's Electric Charg  Tloc/Air       22%        N/A       17%         3
l - Lesser Beckoning      Tloc           22%        N/A       9%          2
m - Manifold Assault      Tloc           11%        N/A       50%         4
o - Teleport Other        Tloc           11%        N/A       17%         3
Your spell library was empty.

Dungeon Overview and Level Annotations

Branches:
Dungeon (3/15)

Altars:
The Shining One

Annotations:
D:2 Sigmund


Innate Abilities, Weirdness & Mutations

You are immune to sickness and miasma.
You are immune to poison.
Your flesh is very heat resistant. (rF++)
You are vulnerable to cold. (rC-)
You float through the air rather than walking.
You learn spells naturally, not from books.
Your magical power is your life essence.
You have superior vitality. (+4 MHP)


Message History

The orc priest is moderately wounded.
You closely miss the orc priest.
The orc priest is moderately wounded.
The orc priest looks satisfied for a moment.
The orc priest invokes the aid of Beogh against you.
Beogh smites you!
You feel better. The orc priest closely misses you.
You hit the orc priest.
The orc priest is heavily wounded.
The orc priest misses you.
You hit the orc priest but do no damage.
The orc priest is moderately wounded.
The orc priest looks encouraged for a moment.
You closely miss the orc priest.
The orc priest is moderately wounded.
The orc priest hits you with a +0 flail.
You hit the orc priest.
The orc priest is heavily wounded.
The orc priest looks satisfied for a moment.
You closely miss the orc priest.
The orc priest is heavily wounded.
The orc priest hits you with a +0 flail!
You barely miss the orc priest.
The orc priest is heavily wounded.
You barely miss the orc priest.
The orc priest is heavily wounded.
The orc priest mumbles some strange prayers to Beogh against you.
Pain shoots through your body!
* * * LOW HITPOINT WARNING * * *
You barely miss the orc priest.
The orc priest is heavily wounded.
The orc priest misses you.
You hit the orc priest but do no damage.
The orc priest is heavily wounded.
The orc priest closely misses you.
You closely miss the orc priest.
The orc priest is heavily wounded.
The orc priest calls down the wrath of Beogh upon you.
Beogh smites you!
You die... ∙∙ ▒∙▒∙▒ ∙∙∙ ▒∙▒∙▒ ∙∙∙∙ ▒∙▒∙ ▒▒∙∙∙ ▒∙▒ ∙∙∙∙∙∙▒∙▒▒▒▒▒■▒▒▒ ∙∙∙∙∙∙∙∙>∙∙∙∙∙∙∙▒ ∙∙∙∙∙▒▒▒(∙▒▒▒<▒∙ ∙∙∙∙∙ ▒∙∙▒▒∙∙▒ ∙∙∙∙∙

▒∙ooR∙∙▒
∙∙ ▒∙
▒∙▒▒▒▒∙▒ ∙
▒∙▒▒▒'▒▒▒
▒
▒∙∙∙∙o<∙▒
▒∙∙∙∙o∙∙▒
■∙∙∙▒▒∙▒▒
▒∙∙∙▒ ∙∙∙
▒∙∙∙∙∙▒▒∙▒
▒∙∙∙▒∙▒
∙∙∙


You could see 2 orc priests.

Vanquished Creatures
  Jessica (D:2)
  An adder (D:3)
  A worm (D:2)
  A dart slug (D:1)
  An orc (D:3)
  6 endoplasms
  2 giant cockroaches (D:1)
  3 goblins
  6 hobgoblins
  6 kobolds (D:1)
  A quokka (D:1)
  3 ball pythons (D:1)
  4 bats
  A frilled lizard (D:3)
  6 rats
43 creatures vanquished.

Notes
Turn   | Place    | Note
-------+----------+-------------------------------------------
     0 | D:1      | Zeor the Djinni Warper began the quest for the Orb.
     0 | D:1      | Zeor set off with the following spells memorised: Blink,
                  | Lesser Beckoning, Vhi's Electric Charge, Teleport Other,
                  | Manifold Assault.
     0 | D:1      | Reached XP level 1. HP: 18/18 MP: 0/0
    89 | D:1      | Reached XP level 2. HP: 20/23 MP: 0/0
   144 | D:1      | Reached skill level 1 in Throwing
   288 | D:1      | Reached XP level 3. HP: 26/28 MP: 0/0
   288 | D:1      | Learned a level 1 spell: Apportation
  1340 | D:2      | Noticed Jessica
  1344 | D:2      | Killed Jessica
  1345 | D:2      | Reached XP level 4. HP: 31/33 MP: 0/0
  1908 | D:2      | Found a glowing golden altar of the Shining One.
  2095 | D:2      | Noticed Sigmund
  2428 | D:3      | Identified the +10 rapier "Isonat" {heavy, rPois rN+ Will+}
  2463 | D:3      | Killed from afar by an orc priest

Illustrated notes

Levels and vault maps discovered:
D:1:      wander_arrival_estate, layout_loops_ring, minmay_octomino_c4
D:2:      layout_basic, basic_altar, uniq_jessica, uniq_sigmund
D:3:      layout_basic, nicolae_concentric_dashed_squares_wild,
          eino_tiny_chamber, uniq_robin

Skill      XL: |  1  2 |
---------------+-------+-----
Long Blades    | 2 |  2.8
Throwing       | 1 |  1.2
Fighting       | |  2.3
Armour         | |  1.2
Dodging        | |  2.7
Spellcasting   | |  2.9

Action                     |  1- 3 |  4- 6 || total
---------------------------+-------+-------++-------
  Melee: Falchion          |   123 |    41 ||   164
   Cast: Vhi's Electric Ch |    10 |     4 ||    14
         Blink             |     1 |       ||     1
         Teleport Other    |       |     6 ||     6
    Use: Scroll            |     4 |     4 ||     8
         Potion            |       |     3 ||     3
 Armour: Leather armour    |    28 |     3 ||    31
         Robe              |       |     3 ||     3
  Dodge: Dodged            |    76 |    25 ||   101
